Cogmind - Beta 16 @@@ ROGUE MODE // 2025.12.13 @ 12:06:38 Player: C0-2MO Result: Destroyed by P-70 Sage with High-powered Shock Rifle Performance ------------- Evolutions (6) 3000 Regions Visited (11) 2200 Robots Destroyed (0) 0 Value Destroyed (0) 0 Prototype IDs (0) 0 Alien Tech Used (0) 0 Bonus (3380) 3380 TOTAL SCORE: 8580 Bonus ------- Pacifist 2880 Entered DSFs 500 Cogmind --------- Core Integrity 0/1150 Matter 236/300 Energy 99/100 System Corruption 5% Temperature Cool (0) Movement Core (50) Location -4/Factory Parts ------- > --- POWER (2) -------- (None) > --- PROPULSION (10) -- (None) > --- UTILITY (5) ------ Machine Analyzer > --- WEAPON (2) ------- (None) > --- INVENTORY (5) ---- Improved Deuterium Engine Thermal Generator Advanced Cooling System Improved Coolant Injector Peak State ------------ > --- POWER ------------ (None) > --- PROPULSION ------- Advanced Medium Treads Advanced Medium Treads Improved Linear Gravjet > --- UTILITY ---------- Machine Analyzer Mini Drone Bay > --- WEAPON ----------- (None) > --- INVENTORY -------- Improved Deuterium Engine Thermal Generator Advanced Cooling System Improved Coolant Injector [Rating: 31] Favorites ----------- Power None Propulsion Xenon Bombardment Thruster Treads Advanced Medium Treads Hover Unit Improved Linear Gravjet Flight Unit Xenon Bombardment Thruster Utility Machine Analyzer Device Mini Drone Bay Processor Machine Analyzer Weapon Flail Impact Weapon Flail Build | -11 -10 -9 -9 -8 -7 -6 -5 -5 -5 -5 -4 ------- Run | Yrd Mat Mat Min Mat Fac Fac Fac Was Fac DSF Fac Slots Evolved 12 | . . 2 . 2 2 2 2 . . . 2 Power 1 | . . . . . 1 . . . . . . Propulsion 8 | . . 2 . 1 1 2 2 . . . . Utility 3 | . . . . 1 . . . . . . 2 Weapon . | . . . . . . . . . . . . Parts Attached 11 | . . 1 . 1 2 1 1 . . 3 2 Power . | . . . . . . . . . . . . Engine . | . . . . . . . . . . . . Core . | . . . . . . . . . . . . Reactor . | . . . . . . . . . . . . Propulsion 6 | . . . . . 1 1 1 . . 2 1 Treads 3 | . . . . . . . 1 . . 2 . Leg . | . . . . . . . . . . . . Wheel . | . . . . . . . . . . . . Hover 2 | . . . . . . 1 . . . . 1 Flight 1 | . . . . . 1 . . . . . . Utility 4 | . . . . 1 1 . . . . 1 1 Device 2 | . . . . . 1 . . . . 1 . Storage . | . . . . . . . . . . . . Processor 2 | . . . . 1 . . . . . . 1 Hackware . | . . . . . . . . . . . . Protection . | . . . . . . . . . . . . Artifact . | . . . . . . . . . . . . Weapon 1 | . . 1 . . . . . . . . . Energy Gun . | . . . . . . . . . . . . Energy Cannon . | . . . . . . . . . . . . Ballistic Gun . | . . . . . . . . . . . . Ballistic Cannon . | . . . . . . . . . . . . Launcher . | . . . . . . . . . . . . Special Weapon . | . . . . . . . . . . . . Impact Weapon 1 | . . 1 . . . . . . . . . Slashing Weapon . | . . . . . . . . . . . . Piercing Weapon . | . . . . . . . . . . . . Special Melee Weapon . | . . . . . . . . . . . . Unidentified Prototypes . | . . . . . . . . . . . . Parts Lost 7 | . . . . . . 2 3 . . . 2 Power . | . . . . . . . . . . . . Propulsion 3 | . . . . . . 1 1 . . . 1 Utility 3 | . . . . . . . 2 . . . 1 Weapon 1 | . . . . . . 1 . . . . . Highest Loss Streak 5 | . . . . . . 2 5 . . . 1 To Critical Strikes . | . . . . . . . . . . . . Average Backups 2 | . . . . . 1 3 3 5 5 5 4 Power . | . . . . . . 1 1 1 1 1 1 Propulsion . | . . . . . . . . . . . . Utility 1 | . . . . . 1 2 2 4 4 4 3 Weapon . | . . . . . . . . . . . . Tool/Special . | . . . . . . . . . . . . Unused Backups 4 | . . . . . . . . . . . 4 Power 1 | . . . . . . . . . . . 1 Propulsion . | . . . . . . . . . . . . Utility 3 | . . . . . . . . . . . 3 Weapon . | . . . . . . . . . . . . Tool/Special . | . . . . . . . . . . . . Average Slot Usage (%) 10 | . . 5 11 14 18 27 8 . . 7 9 Flight 1 | . . . . . 2 6 2 . . . . Device 1 | . . . . . . 6 2 . . 3 2 Processor 3 | . . . . 5 7 6 2 . . . 4 Impact Weapon 3 | . . 5 11 9 7 6 . . . . . Peak Build Rating 31 | . . 2 2 5 13 18 11 2 2 22 31 Average Rating 6 | . . . 2 3 7 13 5 2 2 12 9 On Entrance 5 | . . . 2 2 5 13 11 2 2 2 22 Avg Prop Armor Cover (%) 26 | . . . . . . 11 38 . . 30 31 Naked Turns 141 | . 41 36 . . . . 19 34 2 9 . Heaviest Build 3 | . . 2 2 2 3 3 1 . . 2 2 Greatest Support 6 | 3 3 3 3 3 6 6 6 3 3 3 3 Greatest Overweight (x) . | . . . . . . . . . . . . Average Overweight (x) . | . . . . . . . . . . . . Largest Inventory Capacity 5 | 5 5 5 5 5 5 5 5 5 5 5 5 Average Capacity 5 | 5 5 5 5 5 5 5 5 5 5 5 5 Most Carried 5 | . . . . 1 3 3 5 5 5 5 5 Average Carried 2 | . . . . . 1 3 3 5 5 5 4 Final Capacity 5 | 5 5 5 5 5 5 5 5 5 5 5 5 Final Carried 5 | . . . . 1 3 3 5 5 5 5 4 Class Distribution -------------------- 100% | Mutant Dominant Class ---------------- Mutant | -10/Materials Mutant | -9/Materials Mutant | -9/Mines Mutant | -8/Materials Mutant | -7/Factory Mutant | -6/Factory Mutant | -5/Factory Mutant | -5/Waste Mutant | -5/Factory Mutant | -5/DSF Mutant | -4/Factory Resources | -11 -10 -9 -9 -8 -7 -6 -5 -5 -5 -5 -4 ----------- Run | Yrd Mat Mat Min Mat Fac Fac Fac Was Fac DSF Fac Matter Collected 220 | 131 . . . . 89 . . . . . . Remotely . | . . . . . . . . . . . . Salvage Created . | . . . . . . . . . . . . Parts . | . . . . . . . . . . . . Haulers Intercepted . | . . . . . . . . . . . . Recyclers Shooed . | . . . . . . . . . . . . Parts Field Recycled . | . . . . . . . . . . . . Retrieved Matter . | . . . . . . . . . . . . Parts Self-Destructed . | . . . . . . . . . . . . Prevented . | . . . . . . . . . . . . Parts Restored . | . . . . . . . . . . . . Kills | -11 -10 -9 -9 -8 -7 -6 -5 -5 -5 -5 -4 ------- Run | Yrd Mat Mat Min Mat Fac Fac Fac Was Fac DSF Fac Combat Hostiles Destroyed . | . . . . . . . . . . . . Classes Destroyed . | . . . . . . . . . . . . Best Kill Streak . | . . . . . . . . . . . . Combat Bots Only . | . . . . . . . . . . . . Max Kills in Single Turn . | . . . . . . . . . . . . Gunslinging . | . . . . . . . . . . . . Exploded . | . . . . . . . . . . . . Melee . | . . . . . . . . . . . . Uniques/NPCs Destroyed . | . . . . . . . . . . . . Combat | -11 -10 -9 -9 -8 -7 -6 -5 -5 -5 -5 -4 -------- Run | Yrd Mat Mat Min Mat Fac Fac Fac Was Fac DSF Fac Hostile Shots Fired 254 | . 6 26 . 25 18 2 69 2 . 2 104 Missed 105 | . 3 13 . 6 8 1 25 1 . 1 47 Hits 149 | . 3 13 . 19 10 1 44 1 . 1 57 Melee 1 | . . . . . . . . 1 . . . Projectile 148 | . 3 13 . 19 10 1 44 . . 1 57 Critical Strikes 6 | . . 1 . . . 1 2 1 . . 1 Damage Taken 2938 | . 28 170 . 330 68 55 781 33 . 162 1311 Core 2455 | . 28 155 . 302 41 5 653 33 . 78 1160 Absorbed by Shields . | . . . . . . . . . . . . Core Remaining (%) 72 | 100 88 . 61 45 94 99 . . . 23 . Volleys Fired . | . . . . . . . . . . . . Largest . | . . . . . . . . . . . . Hottest . | . . . . . . . . . . . . Shots Fired . | . . . . . . . . . . . . Gun . | . . . . . . . . . . . . Cannon . | . . . . . . . . . . . . Launcher . | . . . . . . . . . . . . Special . | . . . . . . . . . . . . Kinetic . | . . . . . . . . . . . . Thermal . | . . . . . . . . . . . . Explosive . | . . . . . . . . . . . . Electromagnetic . | . . . . . . . . . . . . Robot Hit Streak . | . . . . . . . . . . . . Robot Miss Streak . | . . . . . . . . . . . . Penetration Max . | . . . . . . . . . . . . Secondary Targets . | . . . . . . . . . . . . Shots Hit Robots . | . . . . . . . . . . . . Core Hits . | . . . . . . . . . . . . Critical Kills . | . . . . . . . . . . . . Critical Parts Destroyed . | . . . . . . . . . . . . Critical Strikes . | . . . . . . . . . . . . Melee Attacks 7 | . . 1 . . 5 1 . . . . . Impact 7 | . . 1 . . 5 1 . . . . . Slashing . | . . . . . . . . . . . . Piercing . | . . . . . . . . . . . . Sneak Attacks . | . . . . . . . . . . . . Combat Hostiles . | . . . . . . . . . . . . Follow-up Attacks . | . . . . . . . . . . . . Damage Inflicted 44 | . . . . . 1 . 14 . . . 29 Guns . | . . . . . . . . . . . . Cannons . | . . . . . . . . . . . . Explosions . | . . . . . . . . . . . . Melee . | . . . . . . . . . . . . Ramming 44 | . . . . . 1 . 14 . . . 29 Kinetic . | . . . . . . . . . . . . Thermal . | . . . . . . . . . . . . Explosive . | . . . . . . . . . . . . Electromagnetic . | . . . . . . . . . . . . Impact . | . . . . . . . . . . . . Slashing . | . . . . . . . . . . . . Piercing . | . . . . . . . . . . . . Highest Corruption 11 | . . . . . . . 1 11 11 11 5 Average Corruption 4 | . . . . . . . 1 6 11 11 3 Corruption Purged . | . . . . . . . . . . . . Corruption Blocked . | . . . . . . . . . . . . Effects 7 | . . . . . . . 1 1 . 1 4 Message Errors 1 | . . . . . . . . . . . 1 Matter Fused 3 | . . . . . . . 1 1 . . 1 Data Loss (minor) 1 | . . . . . . . . . . . 1 Data Loss (major) 1 | . . . . . . . . . . . 1 Misdirections 1 | . . . . . . . . . . 1 . Overload Shots . | . . . . . . . . . . . . Overflow Damage . | . . . . . . . . . . . . Projectiles . | . . . . . . . . . . . . Explosions . | . . . . . . . . . . . . Melee . | . . . . . . . . . . . . Knockbacks . | . . . . . . . . . . . . Impact . | . . . . . . . . . . . . Kinetic . | . . . . . . . . . . . . Secondary . | . . . . . . . . . . . . Self-Inflicted Damage 21 | . . . . . . . 7 . . . 14 Shots . | . . . . . . . . . . . . Rammed 7 | . . . . . 1 . 2 . . . 4 Targets Rammed 7 | . . . . . 1 . 2 . . . 4 Kicked . | . . . . . . . . . . . . Crushed . | . . . . . . . . . . . . Highest Temperature . | . . . . . . . . . . . . Average Temperature . | . . . . . . . . . . . . Received Heat Transfer 330 | . . 81 . 135 18 . 24 . . . 72 Siege Activations . | . . . . . . . . . . . . Martial Activations . | . . . . . . . . . . . . Shielding Activations . | . . . . . . . . . . . . Robots Disrupted . | . . . . . . . . . . . . Combat Hostiles . | . . . . . . . . . . . . Robots Corrupted . | . . . . . . . . . . . . Combat Hostiles . | . . . . . . . . . . . . Parts Fried . | . . . . . . . . . . . . Impact Corruptions . | . . . . . . . . . . . . Robots Melted . | . . . . . . . . . . . . Combat Hostiles . | . . . . . . . . . . . . Parts Melted . | . . . . . . . . . . . . Heat Transferred . | . . . . . . . . . . . . Parts Sabotaged . | . . . . . . . . . . . . Parts Stolen . | . . . . . . . . . . . . Parts Stripped . | . . . . . . . . . . . . Power Chain Reactions . | . . . . . . . . . . . . Alert | -11 -10 -9 -9 -8 -7 -6 -5 -5 -5 -5 -4 ------- Run | Yrd Mat Mat Min Mat Fac Fac Fac Was Fac DSF Fac Maximum Alert Level . | . . . . . . . . . . . . Low Security (%) 100 | 100 100 100 100 100 100 100 100 100 100 100 100 Level 1 . | . . . . . . . . . . . . Level 2 . | . . . . . . . . . . . . Level 3 . | . . . . . . . . . . . . Level 4 . | . . . . . . . . . . . . Level 5 . | . . . . . . . . . . . . High Security . | . . . . . . . . . . . . Max Security . | . . . . . . . . . . . . Peak Influence 111 | . . 111 43 16 21 19 45 15 3 5 15 Initial 43 | . . . 43 16 2 1 . 15 3 5 . Average 7 | . . 20 43 7 9 5 11 10 3 1 2 Influence Increases 323 | . . 136 . 15 32 29 45 . 5 . 61 Successful Hack 78 | . . . . . 13 29 . . 5 . 31 Destroy Structure 5 | . . 1 . . 4 . . . . . . Partial Spotted 30 | . . 15 . . 15 . . . . . . Lose Combat Pursuer 210 | . . 120 . 15 . . 45 . . . 30 Influence Decreases 308 | . . 25 68 53 33 33 . 40 2 8 46 Entered New Map 136 | . . . 68 27 3 3 . 30 2 3 . Time Decay 146 | . . 25 . 26 30 21 . 10 . . 34 Lost Part 11 | . . . . . . 9 . . . . 2 Lost Ally 15 | . . . . . . . . . . 5 10 Squads Dispatched 8 | . . 2 . 1 . 1 1 . . . 3 Investigation 5 | . . 1 . . . 1 1 . . . 2 Extermination . | . . . . . . . . . . . . Reinforcement 3 | . . 1 . 1 . . . . . . 1 Assault . | . . . . . . . . . . . . Garrison . | . . . . . . . . . . . . Intercept . | . . . . . . . . . . . . Searches Triggered . | . . . . . . . . . . . . Construction Impeded . | . . . . . . . . . . . . Haulers Reinforced . | . . . . . . . . . . . . Active Scanning Responses . | . . . . . . . . . . . . Cargo Convoy Interrupts . | . . . . . . . . . . . . Stealth | -11 -10 -9 -9 -8 -7 -6 -5 -5 -5 -5 -4 --------- Run | Yrd Mat Mat Min Mat Fac Fac Fac Was Fac DSF Fac Distress Signals 4 | . 1 . . . . . . . . . 3 Communications Jammed . | . . . . . . . . . . . . Distress Signals . | . . . . . . . . . . . . Times Spotted 64 | . 7 15 . 13 1 1 9 3 . 1 14 Peak Tracking Total 14 | . 7 14 . 13 1 1 6 3 . 1 10 Tactical Retreats 6 | . . 2 . 1 . . 1 . . . 2 Traps | -11 -10 -9 -9 -8 -7 -6 -5 -5 -5 -5 -4 ------- Run | Yrd Mat Mat Min Mat Fac Fac Fac Was Fac DSF Fac Traps Triggered 2 | . . . . . . . 1 . . . 1 Indirectly . | . . . . . . . . . . . . Trap Hack Attempts . | . . . . . . . . . . . . Triggered . | . . . . . . . . . . . . Disarmed . | . . . . . . . . . . . . Reprogrammed . | . . . . . . . . . . . . Reused . | . . . . . . . . . . . . Traps Extracted . | . . . . . . . . . . . . Installed . | . . . . . . . . . . . . Triggered . | . . . . . . . . . . . . Machines | -11 -10 -9 -9 -8 -7 -6 -5 -5 -5 -5 -4 ---------- Run | Yrd Mat Mat Min Mat Fac Fac Fac Was Fac DSF Fac Machines Disabled . | . . . . . . . . . . . . Max in Single Turn . | . . . . . . . . . . . . Machines Repaired . | . . . . . . . . . . . . Machines Dismantled . | . . . . . . . . . . . . Machines Sabotaged . | . . . . . . . . . . . . Overloaded Fab Kills . | . . . . . . . . . . . . Hacking | -11 -10 -9 -9 -8 -7 -6 -5 -5 -5 -5 -4 --------- Run | Yrd Mat Mat Min Mat Fac Fac Fac Was Fac DSF Fac Machines Accessed 11 | . 1 1 . . 1 3 1 . 1 . 3 Terminals 10 | . 1 1 . . 1 3 . . 1 . 3 Fabricators . | . . . . . . . . . . . . Repair Stations 1 | . . . . . . . 1 . . . . Recycling Units . | . . . . . . . . . . . . Scanalyzers . | . . . . . . . . . . . . Garrison Access . | . . . . . . . . . . . . Total Hacks 37 | . 5 2 . . 6 11 2 . 1 . 10 Successful 14 | . 2 . . . 2 5 . . 1 . 4 Failed 23 | . 3 2 . . 4 6 2 . . . 6 Catastrophic 5 | . . . . . 1 2 1 . . . 1 Database Lockouts . | . . . . . . . . . . . . Manual 21 | . 2 2 . . 1 6 . . . . 10 Terminals 35 | . 5 2 . . 6 11 . . 1 . 10 Fabricators . | . . . . . . . . . . . . Repair Stations 2 | . . . . . . . 2 . . . . Recycling Units . | . . . . . . . . . . . . Scanalyzers . | . . . . . . . . . . . . Garrison Access . | . . . . . . . . . . . . Terminal Hacks 8 | . 1 . . . 2 3 . . 1 . 1 Open DSF 1 | . . . . . . . . . 1 . . Level Access Points 3 | . . . . . 1 1 . . . . 1 Emergency Access Points 1 | . . . . . . 1 . . . . . Zone Layout 3 | . 1 . . . 1 1 . . . . . Fabricator Hacks . | . . . . . . . . . . . . Repair Station Hacks . | . . . . . . . . . . . . Recycling Unit Hacks . | . . . . . . . . . . . . Scanalyzer . | . . . . . . . . . . . . Garrison Access Hacks . | . . . . . . . . . . . . Unauthorized Hacks 6 | . 1 . . . . 2 . . . . 3 Terminals 6 | . 1 . . . . 2 . . . . 3 Botnet 6 | . 1 . . . . 2 . . . . 3 Fabricators . | . . . . . . . . . . . . Repair Stations . | . . . . . . . . . . . . Recycling Units . | . . . . . . . . . . . . Scanalyzers . | . . . . . . . . . . . . Garrison Access . | . . . . . . . . . . . . Data Cores Recovered . | . . . . . . . . . . . . Used . | . . . . . . . . . . . . Hacking Detections 10 | . 1 1 . . 1 3 1 . . . 3 Full Trace Events 5 | . . 1 . . . 1 1 . . . 2 Feedback Events 1 | . . . . . . . . . . . 1 Corruption 1 | . . . . . . . . . . . 1 Feedback Blocked . | . . . . . . . . . . . . Robot Schematics Acquired . | . . . . . . . . . . . . Robots Built . | . . . . . . . . . . . . Authchips . | . . . . . . . . . . . . Time . | . . . . . . . . . . . . Total Robot Build Rating . | . . . . . . . . . . . . Part Schematics Acquired . | . . . . . . . . . . . . Parts Built . | . . . . . . . . . . . . Authchips . | . . . . . . . . . . . . Time . | . . . . . . . . . . . . Total Part Build Rating . | . . . . . . . . . . . . Part Studies Acquired . | . . . . . . . . . . . . Parts Repaired . | . . . . . . . . . . . . Time . | . . . . . . . . . . . . Parts Recycled . | . . . . . . . . . . . . Recycled Matter . | . . . . . . . . . . . . Retrieved Matter . | . . . . . . . . . . . . Retrieved Components . | . . . . . . . . . . . . Parts Scanalyzed . | . . . . . . . . . . . . Part Schematics Acquired . | . . . . . . . . . . . . Parts Damaged . | . . . . . . . . . . . . Bothacking | -11 -10 -9 -9 -8 -7 -6 -5 -5 -5 -5 -4 ------------ Run | Yrd Mat Mat Min Mat Fac Fac Fac Was Fac DSF Fac Used RIF Installer . | . . . . . . . . . . . . Robots Hacked . | . . . . . . . . . . . . Non-combat . | . . . . . . . . . . . . Combat . | . . . . . . . . . . . . Robot Hacks Applied . | . . . . . . . . . . . . Relay Couplers Released . | . . . . . . . . . . . . Fabnet Peak Effective % . | . . . . . . . . . . . . Robots Rewired . | . . . . . . . . . . . . Allies Hacked . | . . . . . . . . . . . . Hacks Repelled . | . . . . . . . . . . . . Allies | -11 -10 -9 -9 -8 -7 -6 -5 -5 -5 -5 -4 -------- Run | Yrd Mat Mat Min Mat Fac Fac Fac Was Fac DSF Fac Total Allies . | . . . . . . . . . . . . Largest Group . | . . . . . . . . . . . . Highest-Rated Group . | . . . . . . . . . . . . Highest-Rated Ally . | . . . . . . . . . . . . Total Orders 5 | . . . . . . . . . . 2 3 EXPLORE 3 | . . . . . . . . . . 1 2 RETURN 2 | . . . . . . . . . . 1 1 Ally Attacks . | . . . . . . . . . . . . Total Damage . | . . . . . . . . . . . . Kills . | . . . . . . . . . . . . Allies Corrupted . | . . . . . . . . . . . . Allies Melted . | . . . . . . . . . . . . Intel | -11 -10 -9 -9 -8 -7 -6 -5 -5 -5 -5 -4 ------- Run | Yrd Mat Mat Min Mat Fac Fac Fac Was Fac DSF Fac Active Infowar (turns) 341 | . . . . 38 71 63 16 . . . 153 Machine Analysis 341 | . . . . 38 71 63 16 . . . 153 Robot Analysis Total . | . . . . . . . . . . . . Derelict Logs Recovered . | . . . . . . . . . . . . Drone Launches 30 | . . . . . . . . . . 15 15 Drone Recoveries 13 | . . . . . . . . . . . 13 Exploration | -11 -10 -9 -9 -8 -7 -6 -5 -5 -5 -5 -4 ------------- Run | Yrd Mat Mat Min Mat Fac Fac Fac Was Fac DSF Fac Turns Passed 624 | 9 41 71 10 60 71 63 56 34 2 45 162 Spaces Moved 1181 | 18 81 133 19 115 114 146 108 67 3 70 307 Core 954 | 18 81 133 19 115 71 . 70 67 3 70 307 Treads . | . . . . . . . . . . . . Legs . | . . . . . . . . . . . . Wheels . | . . . . . . . . . . . . Hover . | . . . . . . . . . . . . Flight 227 | . . . . . 43 146 38 . . . . Fastest Speed 40 | 50 50 50 50 50 40 40 40 50 50 50 50 Average Speed 48 | 50 50 50 50 50 46 40 46 50 50 50 50 Slowest Speed 50 | 50 50 50 50 50 50 40 50 50 50 50 50 Overloaded Moves . | . . . . . . . . . . . . Propulsion Burnouts . | . . . . . . . . . . . . Robots Hopped 6 | . . . . . . 4 2 . . . . Potential Cave-ins . | . . . . . . . . . . . . Cave-ins Triggered . | . . . . . . . . . . . . Exploration Rate (%) 26 | 4 33 28 14 22 5 5 5 64 . 91 19 Regions Visited 11 Branch Regions 1 Pre-discovered Areas . | . . . . . . . . . . . . Known Exits Taken 3 | . . . . . 1 1 . . 1 . . Unknown Exits Taken 5 | 1 1 1 1 1 . . . . . . . Scrap Searched . | . . . . . . . . . . . . Spaces Dug 5 | . . 1 . . 4 . . . . . . Terrain Destroyed 5 | . . 1 . . 4 . . . . . . Melee 5 | . . 1 . . 4 . . . . . . Projectile . | . . . . . . . . . . . . AOE . | . . . . . . . . . . . . Terrain Rammed . | . . . . . . . . . . . . Walls Destroyed . | . . . . . . . . . . . . Machines Disabled . | . . . . . . . . . . . . Actions | -11 -10 -9 -9 -8 -7 -6 -5 -5 -5 -5 -4 --------- Run | Yrd Mat Mat Min Mat Fac Fac Fac Was Fac DSF Fac Total 1203 | 17 80 134 18 116 123 144 111 66 3 77 314 Wait . | . . . . . . . . . . . . Move 1163 | 17 80 132 18 114 113 139 105 66 3 69 307 Hop 4 | . . . . . . 3 1 . . . . Pick Up 5 | . . . . 1 2 . 2 . . . . Fast Attach 11 | . . 1 . 1 2 1 1 . . 3 2 Attach 1 | . . . . . . . . . . . 1 Detach . | . . . . . . . . . . . . Swap . | . . . . . . . . . . . . Drop . | . . . . . . . . . . . . Fire . | . . . . . . . . . . . . Melee 7 | . . 1 . . 5 1 . . . . . Ram 7 | . . . . . 1 . 2 . . . 4 Kick . | . . . . . . . . . . . . Crush . | . . . . . . . . . . . . Escape Stasis . | . . . . . . . . . . . . Rewire . | . . . . . . . . . . . . Trap . | . . . . . . . . . . . . Miscellaneous 5 | . . . . . . . . . . 5 . Route ------- -11/Scrapyard -10/Materials -9/Materials -9/Mines -8/Materials -7/Factory (discovered 4 exits: *Fac x4) -6/Factory (discovered 4 exits: *Fac x4) -5/Factory -5/Waste -5/Factory -5/DSF -4/Factory (discovered 4 exits: Res x4) History --------- Turn | Location | Event 3 | -11/Scrapyard | Discovered new exit (range 15) 10 | -11/Scrapyard | Entered Materials 49 | -10/Materials | Discovered new exit (range 5) 51 | -10/Materials | Entered another Materials area 51 | -9/Materials | Evolved 2 slots: Propulsion x2 114 | -9/Materials | Discovered new exit (range 16) 122 | -9/Materials | Entered Mines 125 | -9/Mines | Discovered new exit (range 15) 132 | -9/Mines | Entered Materials 132 | -8/Materials | Evolved 2 slots: Propulsion x1, Utility x1 186 | -8/Materials | Discovered new exit (range 14) 192 | -8/Materials | Core integrity fell below 50% 192 | -8/Materials | Entered Factory 192 | -7/Factory | Evolved 2 slots: Power x1, Propulsion x1 199 | -7/Factory | Identified exit to Factory 263 | -7/Factory | Entered another Factory area 263 | -6/Factory | Evolved 2 slots: Propulsion x2 308 | -6/Factory | Discovered new exit (range 18) 308 | -6/Factory | Identified exit to Factory 309 | -6/Factory | Build established: Mutant 326 | -6/Factory | Entered another Factory area 326 | -5/Factory | Evolved 2 slots: Propulsion x2 372 | -5/Factory | Spotted B-75 Beast 377 | -5/Factory | Core integrity fell below 50% 382 | -5/Factory | Sucked down chute 382 | -5/Factory | Entered Waste 389 | -5/Waste | Lost 5 parts (2n2u1w) 393 | -5/Waste | Spotted C-40 Crusher 397 | -5/Waste | EMP discharged 397 | -5/Waste | System corruption reached 10% 397 | -5/Waste | Spotted C-40 Crusher 401 | -5/Waste | Spotted C-40 Crusher 404 | -5/Waste | Spotted C-40 Crusher 405 | -5/Waste | Spotted C-40 Crusher 408 | -5/Waste | Discovered new exit (range 14) 416 | -5/Waste | Entered Factory 418 | -5/Factory | Identified exit to DSF 418 | -5/Factory | Entered DSF 438 | -5/DSF | Additional patrols routed to DSF 447 | -5/DSF | Discovered new exit (range 27) 463 | -5/DSF | Entered Factory 463 | -4/Factory | Accompanied by 7 allies 463 | -4/Factory | Evolved 2 slots: Utility x2 474 | -4/Factory | Lost 5 allies 491 | -4/Factory | Spotted B-86 Titan 526 | -4/Factory | Identified exit to Research 548 | -4/Factory | Lost 8 allies 567 | -4/Factory | Core integrity fell below 50% 574 | -4/Factory | Core integrity fell below 20% 625 | -4/Factory | Destroyed by P-70 Sage with High-powered Shock Rifle Last Messages --------------- results: 00600_ Terminal x1 00601_ O-24 Administrator sends out distress signal. 00601_ O-24 Administrator: "IFF HANDSHAKE FAILED. SECURING TERMINAL." 00604_ >> Machine Analyzer network decryption results: 00604_ DSF Access x1 00611_ ALERT: Hostiles spotted, dispatching reinforcements to Terminal F001. 00615_ System corrupted: Substantial component data lost. 00620_ Penetrated by Slug. 00621_ >> Machine Analyzer network decryption results: 00621_ Recycling Unit x4 00624_ Slug penetrates Wall. 00624_ Penetrated by Slug. 00624_ Slug penetrates Wall. Map ----- +----------------------------------------------------+ | ???????????????"R"???????????????????????????????? | | ???????????????"""???????????????????????????????? | | ?????????????????????????????????????????????????? | | ?????????????????????????????????????????????????? | | ?????????????????????????? ??????????????????????? | | ????????????????????????##= ?????????????????????? | | ???????????????????????? ?????????????????????? | | ????"""""""""??????????? ?????????????????????? | | ???????????????????????? ??????????????????????? | | ?# ?"""""""""???###+#### ???????????????????????? | | ?# ????# u#???????????????????????? | | ?# """""""""?### #???????????????????????? | | ?# ???? +???????????????????????? | | ?# =??????# #???????????????????????? | | ?# ???????# #???????????????????????? | | ?? ???????# #???????????????????????? | | ???? ????????# #???????????????????????? | | ######+#/######## ######+#????????????????? | | #????????????????? | | ############## #????????????????? | | #????????????# #????????????????? | | #????????????# #????????????????? | | #????????????# ##### #????????????????? | | ###+####????????????#p#???? #????????????????? | | "" # ??????????????# #???? #????????????????? | | "" # ???????######@###?# #????????????????? | | "" # ?????# #?# #????????????????? | | # ???# ] ### ###??????????????? | | # """"T"""" ?# # #??????????????? | | # """"""""""" # "" # #??????????????? | | #################??# """ / #??????????????? | | #???????????# "F # #??????????????? | | """" #???????????# """ # #??????????????? | | " F" #???????????# "" ! ###+###??????????????? | | " "" #???????????# # ???????????????? | | #???????????##########"" #?????????????? | | ??????????????????????#"Y #?????????????? | | ????????????????????????#"" #?????????????? | | ??????????????????????????# #?????????????? | | #???????????????????????????# #?????????????? | | #???????????????????????????########?????????????? | | #????????????????????????????????????????????????? | | #????????????????????????????????????????????????? | | #???????????T????????????????????????????????????? | | #????????????????????????????????????????????????? | | ?????????????????????????????????????????????????? | | ?????????????????????????????????????????????????? | | ????????????????????????????????????????????????? | | " #??????????????????????????????????????????????? | | " +??????????????????????????????????????"""?????? | +----------------------------------------------------+ Best States ------------- Heat Dissipation 43 Energy Generation 5 Energy Capacity 100 Matter Stores 300 Matter Capacity 300 Sight Range 16 Terrain Scan Density 10 Evasion (%) 62 Item Schematics ----------------- None Robot Schematics ------------------ None Fabricated ------------ Nothing Repaired ---------- Nothing Studied --------- None Alien Tech Used ----------------- None Achievements -------------- None Challenges ------------ None Game ------ Seed DirtyPitchforkBox Manual? 0 Play Time 00:18:58 Cumulative 778.0 hours Start 2025.12.13 @ 11:49:14 End 2025.12.13 @ 12:06:38 Sessions 1 Manual Loads 0 Difficulty Rogue Special Mode None Game No. 323 Rogue 323 Adventurer 0 Explorer 0 Win Type - Total 83 Types 43/5/14/6/6/1/1/3/0/4 Lore% 97 Gallery% 90 Achievement% 83 Wizard Run 0 Options --------- Layout 1 ASCII 0 Keyboard 0 Movement Numpad Keybinds 0 Fullscreen 1 Font 24/Smallcaps Map View 50x35 Zoom Use 0% Tactical HUD 1 Map Filters NONE Filters NONE Steam 1 RUN: 188b5d61-bcaf-4003-9062-d9242a9fc6ca